[Event "Skol-SM 2021, grupp C"]
[Site "Helsingborg Arena"]
[Date "2021.10.09"]
[Round "4.4"]
[White "Lindholm, Marcus"]
[Black "Persson, Sebastian"]
[Result "0-1"]
[WhiteElo "1340"]
[BlackElo "1194"]
[ECO "D04"]
[TimeControl "45 minutes + 10 seconds per move from move one."]
[WhiteFideId "1743473"]
[BlackFideId "1764187"]

1.d4 d5 2.Nf3 Nf6 3.e3 Bg4 4.Nbd2 e6 5.b3 c5 6.Be2 Be7 7.Bb2 O-O 8.Ne5 
Bxe2 9.Qxe2 Nbd7 10.f4 cxd4 11.exd4 Qa5 12.O-O Bb4 13.Ndf3 Bc3 14.Bxc3 
Qxc3 15.Rac1 Nxe5 16.fxe5 Ne4 17.Qd3 Rac8 18.Ne1 Qb2 19.Nf3 Qxa2 20.c4 Qa6
21.Ra1 Qb6 22.c5 Qc6 23.Rxa7 Ra8 24.Rfa1 b6 25.cxb6 Rab8 26.Nd2 Nxd2 27.
Qxd2 Qxb6 28.Qf2 Qxb3 29.Rf1 Rb7 30.Raa1 Qd3 31.Rad1 Qg6 32.Qe2 Rc8 33.Rd3
Rb2 34.Rc3 Qxg2+ 35.Qxg2 Rxg2+ 36.Kxg2 Rxc3 37.Rb1 g5 38.Kf2 Kg7 39.Rg1 
Kg6 40.h4 h6 41.Ke2 Rh3 42.hxg5 hxg5 43.Rf1 Rh7 44.Kf3 Rh4 45.Ke3 Rf4 46.
Rh1 f6 47.exf6 Kxf6 48.Rh6+ Kf5 49.Rh8 Re4+ 50.Kd3 Kf4 51.Rf8+ Kg3 52.Rf1 
Kg2 53.Rf6 g4 54.Rg6 g3 55.Rg7 Kf3 56.Rf7+ Rf4 57.Rg7 0-1

[Event "Skol-SM 2021, grupp C"]
[Site "Helsingborg Arena"]
[Date "2021.10.09"]
[Round "4.5"]
[White "Karde, Douglas"]
[Black "Martin, Johannes"]
[Result "1/2-1/2"]
[WhiteElo "1258"]
[BlackElo "1474"]
[ECO "C28"]
[TimeControl "45 minutes + 10 seconds per move from move one."]
[WhiteFideId "1761498"]
[BlackFideId "1742698"]

1.e4 e5 2.Nc3 Nc6 3.Bc4 Nf6 4.d3 h6 5.Nge2 Bc5 6.h3 d6 7.O-O O-O 8.Na4 Nd7
9.Nxc5 Nxc5 10.a3 Be6 11.Bxe6 Nxe6 12.f4 exf4 13.Nxf4 Nxf4 14.Bxf4 Qd7 15.
Qh5 f5 16.exf5 Qxf5 17.Qxf5 Rxf5 18.g4 Rf7 19.Bd2 Re7 20.Bc3 Rae8 21.Rae1 
Rxe1 22.Rxe1 Rxe1+ 23.Bxe1 Nd4 24.Bf2 Nc6 25.Kg2 Kf7 26.d4 b6 27.Kf3 Ke6 
28.Ke4 Ne7 29.Bg3 b5 30.Bf2 Nd5 31.c3 Nb6 32.b3 a5 33.Be3 a4 34.b4 Nc4 35.
Bc1 d5+ 36.Kd3 Kf6 37.Ke2 g6 38.h4 1/2-1/2

[Event "Skol-SM 2021, grupp C"]
[Site "Helsingborg Arena"]
[Date "2021.10.09"]
[Round "5.1"]
[White "Trost, Edvin"]
[Black "Fridman, Arvid"]
[Result "1-0"]
[WhiteElo "1988"]
[BlackElo "1546"]
[ECO "D60"]
[TimeControl "45 minutes + 10 seconds per move from move one."]
[WhiteTitle "CM"]
[WhiteFideId "1729519"]
[BlackFideId "1758632"]

1.d4 d5 2.c4 c6 3.Nf3 Nf6 4.Nc3 e6 5.Bg5 Be7 6.e3 O-O 7.Bd3 Nbd7 8.O-O Nh5
9.Bxe7 Qxe7 10.e4 dxc4 11.Bxc4 Nhf6 12.e5 Nd5 13.Ne4 N7b6 14.Bd3 h6 15.Qd2
Rd8 16.Rac1 Nb4 17.Bb1 N6d5 18.h4 Na6 19.h5 Bd7 20.Nd6 b6 21.Qd3 f5 22.
Qxa6 Be8 23.Nxe8 Qxe8 24.Qe2 Qxh5 25.Rxc6 Nf4 26.Qe3 Qg4 27.g3 Nh3+ 28.Kg2
f4 29.Qe4 Nxf2 30.Rxf2 Qxg3+ 31.Kf1 1-0

[Event "Skol-SM 2021, grupp C"]
[Site "Helsingborg Arena"]
[Date "2021.10.09"]
[Round "5.2"]
[White "Zeidlitz, Ange"]
[Black "Lind Berteusen, Alvin"]
[Result "1-0"]
[WhiteElo "1243"]
[BlackElo "1254"]
[ECO "B23"]
[TimeControl "45 minutes + 10 seconds per move from move one."]
[WhiteFideId "1744615"]
[BlackFideId "1763318"]

1.e4 c5 2.Nc3 g6 3.Bc4 Bg7 4.f4 e6 5.d3 Ne7 6.Nf3 O-O 7.O-O d5 8.Bb3 Nbc6 
9.Qe1 Na5 10.a3 Nxb3 11.cxb3 Qb6 12.f5 dxe4 13.dxe4 exf5 14.Qh4 fxe4 15.
Ng5 c4+ 16.Kh1 h6 17.Ngxe4 Nf5 18.Qe1 Bd7 19.bxc4 Rfe8 20.Qd2 Rad8 21.Nd5 
Qc6 22.Qc2 Nd4 23.Qf2 Bf5 24.Nec3 Qxc4 25.Ne3 Qe6 26.Bd2 Bd3 27.Rfe1 Nb3 
28.Rad1 Nxd2 29.Rxd2 Qb6 30.Qf3 Bxc3 31.bxc3 Be4 32.Qe2 Rxd2 33.Qxd2 Qc6 
34.Rf1 Re7 35.Qd8+ Qe8 36.Qd4 Re6 37.Re1 Bc6 38.Qxa7 Qe7 39.Qb8+ Kg7 40.
Qg3 h5 41.Nf5+ 1-0

[Event "Skol-SM 2021, grupp C"]
[Site "Helsingborg Arena"]
[Date "2021.10.09"]
[Round "5.3"]
[White "Persson, Sebastian"]
[Black "Fernow, Tore"]
[Result "1-0"]
[WhiteElo "1194"]
[BlackElo "1421"]
[ECO "D30"]
[TimeControl "45 minutes + 10 seconds per move from move one."]
[WhiteFideId "1764187"]
[BlackFideId "1767860"]

1.d4 Nf6 2.c4 e6 3.Nf3 d5 4.Bg5 Be7 5.e3 b6 6.Be2 Bb7 7.O-O O-O 8.Nbd2 h6 
9.Bh4 Ne4 10.Bxe7 Qxe7 11.Ne5 Qg5 12.Ndf3 Qe7 13.Rc1 Nd7 14.cxd5 Nxe5 15.
Nxe5 Bxd5 16.Bf3 Nd6 17.Bxd5 exd5 18.Qb3 f6 19.Ng6 Qf7 20.Nxf8 Rxf8 21.Qc2
Rc8 22.b3 Qe7 23.Qe2 c5 24.dxc5 bxc5 25.Qh5 Qe6 26.Rfd1 f5 27.b4 cxb4 28.
Rxc8+ Nxc8 29.Qh4 Qd7 30.Qxb4 Nb6 31.Qd4 Qb5 32.a4 Qa5 33.Ra1 Nc4 34.Qf4 
Qc3 35.Rb1 Nb2 36.Qb8+ 1-0

[Event "Skol-SM 2021, grupp C"]
[Site "Helsingborg Arena"]
[Date "2021.10.09"]
[Round "5.5"]
[White "Morell, Ludvig"]
[Black "Schriever-Abeln, Marius"]
[Result "0-1"]
[WhiteElo "1695"]
[BlackElo "1387"]
[ECO "B10"]
[TimeControl "45 minutes + 10 seconds per move from move one."]
[WhiteFideId "1736779"]
[BlackFideId "1752650"]

1.e4 c6 2.Nc3 d5 3.Nf3 dxe4 4.Nxe4 Nf6 5.Nxf6+ exf6 6.d4 Bd6 7.Bd3 O-O 8.
O-O Bg4 9.h3 Bh5 10.c3 Re8 11.g4 Bg6 12.Bxg6 hxg6 13.Re1 Nd7 14.Rxe8+ Qxe8
15.Bd2 Nf8 16.Qb3 Qd7 17.Re1 Ne6 18.Kg2 g5 19.Re2 Bf4 20.Qd1 g6 21.Re1 
Bxd2 22.Nxd2 Nf4+ 23.Kh2 Kg7 24.Re3 Rh8 25.Rg3 f5 26.gxf5 Qxf5 27.Qf3 g4 
28.Qxg4 Rxh3+ 29.Kg1 Rxg3+ 0-1

[Event "Skol-SM 2021, grupp C"]
[Site "Helsingborg Arena"]
[Date "2021.10.09"]
[Round "6.1"]
[White "Trost, Edvin"]
[Black "Persson, Sebastian"]
[Result "1-0"]
[WhiteElo "1988"]
[BlackElo "1194"]
[ECO "D43"]
[TimeControl "45 minutes + 10 seconds per move from move one."]
[WhiteTitle "CM"]
[WhiteFideId "1729519"]
[BlackFideId "1764187"]

1.d4 d5 2.c4 c6 3.Nf3 Nf6 4.Nc3 e6 5.Bg5 Be7 6.e3 O-O 7.cxd5 exd5 8.Qc2 
Ne4 9.Nxe4 dxe4 10.Bxe7 Qxe7 11.Nd2 Bf5 12.Be2 Nd7 13.O-O Rac8 14.b4 Nb6 
15.Qc5 Qxc5 16.bxc5 Nd5 17.Rfc1 b5 18.cxb6 axb6 19.Nc4 Rfd8 20.Rab1 b5 21.
Na5 Ne7 22.Rb2 Rd5 23.Rbc2 Bd7 24.Nb7 Be8 25.Nc5 f5 26.a4 Kf7 27.Rb2 g5 
28.axb5 cxb5 29.Bxb5 Bxb5 30.Rxb5 f4 31.Re1 f3 32.Rb6 Rcxc5 33.dxc5 Rxc5 
34.Rb4 Re5 35.Rc1 Kf6 36.Rcc4 Kf5 37.g4+ Kxg4 38.Rxe4+ Kf5 39.Rxe5+ Kxe5 
40.Rb7 Kf6 41.Rb6+ Kg7 42.h3 h5 43.Kh2 h4 44.Rb5 Kf6 45.e4 Ng6 46.Rf5+ 1-0

[Event "Skol-SM 2021, grupp C"]
[Site "Helsingborg Arena"]
[Date "2021.10.09"]
[Round "6.2"]
[White "Karde, Douglas"]
[Black "Zeidlitz, Ange"]
[Result "1-0"]
[WhiteElo "1258"]
[BlackElo "1243"]
[ECO "C25"]
[TimeControl "45 minutes + 10 seconds per move from move one."]
[WhiteFideId "1761498"]
[BlackFideId "1744615"]

1.e4 e5 2.Nc3 Nc6 3.Bc4 Bc5 4.Qg4 Qf6 5.Nd5 Qxf2+ 6.Kd1 Nh6 7.Qxg7 d6 8.
Qxh8+ Kd7 9.Qg7 Ke8 10.Nf6+ Ke7 11.Ng8+ Nxg8 12.Qxg8 Be6 13.Qg5+ Kf8 14.
Nh3 Bxh3 15.Qh6+ Ke7 16.Qxh3 Rg8 17.Rf1 Rxg2 18.Rxf2 Rxf2 19.d4 exd4 20.
Qh4+ Rf6 21.Bg5 1-0

[Event "Skol-SM 2021, grupp C"]
[Site "Helsingborg Arena"]
[Date "2021.10.09"]
[Round "6.3"]
[White "Schriever-Abeln, Marius"]
[Black "Fridman, Arvid"]
[Result "1-0"]
[WhiteElo "1387"]
[BlackElo "1546"]
[ECO "D45"]
[TimeControl "45 minutes + 10 seconds per move from move one."]
[WhiteFideId "1752650"]
[BlackFideId "1758632"]

1.d4 d5 2.c4 c6 3.Nc3 Nf6 4.Nf3 e6 5.e3 Nbd7 6.Qc2 Bd6 7.b3 O-O 8.Bb2 Qe7 
9.Be2 dxc4 10.bxc4 c5 11.O-O Nb6 12.Nb5 Bb8 13.Ba3 Nbd7 14.Rfd1 a6 15.Nc3 
b6 16.Rab1 Bc7 17.dxc5 Nxc5 18.Na4 Nfd7 19.Bd3 h6 20.Be4 Rb8 21.Nd4 Bxh2+ 
22.Kxh2 Qh4+ 23.Kg1 Nxa4 24.Bxf8 Kxf8 25.g3 Qh5 26.Qxa4 Nc5 27.Qc2 Nxe4 
28.Qxe4 g5 29.Qf3 Qh3 30.Qg2 Qg4 31.f3 Qh5 32.Qh2 Qg6 33.e4 e5 34.Nf5 Bxf5
35.exf5 Qxf5 36.Qxh6+ Kg8 37.Qh5 b5 38.cxb5 axb5 39.Rxb5 Ra8 40.Rbd5 Qf6 
41.R1d2 Kg7 42.Qg4 Rh8 43.f4 exf4 44.Qxg5+ 1-0

[Event "Skol-SM 2021, grupp C"]
[Site "Helsingborg Arena"]
[Date "2021.10.09"]
[Round "6.4"]
[White "Lindholm, Marcus"]
[Black "Martin, Johannes"]
[Result "1/2-1/2"]
[WhiteElo "1340"]
[BlackElo "1474"]
[ECO "D04"]
[TimeControl "45 minutes + 10 seconds per move from move one."]
[WhiteFideId "1743473"]
[BlackFideId "1742698"]

1.d4 d5 2.Nf3 Nf6 3.e3 Bf5 4.b3 e6 5.h3 Bb4+ 6.Nbd2 Nbd7 7.Bb2 Qe7 8.Bd3 
Bxd3 9.cxd3 O-O 10.O-O Ba3 11.Bc3 Rac8 12.Ne5 c5 13.Nxd7 Nxd7 14.Nf3 cxd4 
15.Bxd4 Bc5 16.Bxc5 Rxc5 17.Qd2 Rfc8 18.Rfc1 h6 19.d4 R5c7 20.Rxc7 Rxc7 
21.Rc1 Nf6 22.Rc2 Ne8 23.Kf1 Rxc2 24.Qxc2 Qc7 25.Qxc7 Nxc7 26.Ke2 f6 27.
Kd3 Kf7 28.a4 a5 29.Kc3 Na6 30.Ne1 Nb4 31.Nd3 Nxd3 32.Kxd3 Ke7 33.Kc3 Kd6 
34.b4 b6 35.f3 g5 36.b5 1/2-1/2

[Event "Skol-SM 2021, grupp C"]
[Site "Helsingborg Arena"]
[Date "2021.10.09"]
[Round "6.6"]
[White "Fernow, Tore"]
[Black "Persson Holm, Simon"]
[Result "0-1"]
[WhiteElo "1421"]
[BlackElo "1236"]
[ECO "D12"]
[TimeControl "45 minutes + 10 seconds per move from move one."]
[WhiteFideId "1767860"]
[BlackFideId "1744380"]

1.Nf3 d5 2.e3 Bf5 3.c4 c6 4.d4 Nf6 5.Nc3 e6 6.Be2 Bb4 7.a3 Bxc3+ 8.bxc3 
O-O 9.cxd5 cxd5 10.O-O Nbd7 11.c4 Rc8 12.cxd5 exd5 13.Bb2 Qb6 14.Bc1 Rc2 
15.Bd3 Bxd3 16.Qxd3 Rfc8 17.Bd2 Ne4 18.Rfb1 Qc6 19.Bb4 Rxf2 20.Rc1 Rc2 21.
Rxc2 Qxc2 22.Qb5 Nb6 23.Ba5 Rc6 24.h3 h6 25.Bxb6 Rxb6 26.Qxd5 Rg6 27.Ra2 
Rxg2+ 28.Kf1 Ng3+ 29.Ke1 Qc1# 0-1

[Event "Skol-SM 2021, grupp C"]
[Site "Helsingborg Arena"]
[Date "2021.10.10"]
[Round "7.1"]
[White "Zeidlitz, Ange"]
[Black "Trost, Edvin"]
[Result "0-1"]
[WhiteElo "1243"]
[BlackElo "1988"]
[ECO "B13"]
[TimeControl "45 minutes + 10 seconds per move from move one."]
[BlackTitle "CM"]
[WhiteFideId "1744615"]
[BlackFideId "1729519"]

1.e4 c6 2.d4 d5 3.exd5 cxd5 4.Nf3 Nf6 5.Nc3 g6 6.Bg5 Bg7 7.Qd2 O-O 8.Bd3 
Nc6 9.a3 a6 10.Na4 Ne4 11.Bxe4 dxe4 12.Ne5 Nxd4 13.Nc4 b5 14.Nab6 bxc4 15.
Nxa8 Bh3 16.O-O-O Bxg2 17.Rhg1 c3 18.bxc3 Qa5 19.Bxe7 Nf3 20.Bb4 Qh5 21.
Qe2 Qh6+ 22.Qe3 Rxa8 23.Rxg2 Qh4 24.Kb2 Rc8 25.Kb3 a5 26.Bxa5 Qh3 27.Rg3 
Qe6+ 28.Kb2 Ne5 29.Kb1 Nc4 30.Qa7 e3 31.fxe3 Nxa3+ 32.Kb2 Nb5 33.Qd7 Nxc3 
34.Qxc8+ Qxc8 35.Rd8+ Qxd8 36.Bxd8 Ne4+ 37.Kb3 Nxg3 38.hxg3 Kf8 39.c4 Ke8 
40.Bb6 h5 41.Kc2 Be5 42.g4 h4 43.e4 h3 44.Bg1 Kd7 45.Kd3 Kc6 46.c5 h2 47.
Bxh2 Bxh2 48.Kd4 f6 49.g5 Be5+ 50.Ke3 fxg5 51.Kf3 Kxc5 52.Kg4 Bf4 53.Kf3 
Kd4 54.e5 Kxe5 55.Kg4 Kf6 56.Kf3 Kf5 57.Kg2 g4 58.Kf2 Bd6 59.Kg2 Kf4 60.
Kf2 g3+ 61.Kg2 Kg4 62.Kg1 Kf3 63.Kh1 g2+ 64.Kg1 Bc5+ 65.Kh2 g1=Q+ 66.Kh3 
Qg3# 0-1

[Event "Skol-SM 2021, grupp C"]
[Site "Helsingborg Arena"]
[Date "2021.10.10"]
[Round "7.2"]
[White "Lind Berteusen, Alvin"]
[Black "Karde, Douglas"]
[Result "0-1"]
[WhiteElo "1254"]
[BlackElo "1258"]
[ECO "A16"]
[TimeControl "45 minutes + 10 seconds per move from move one."]
[WhiteFideId "1763318"]
[BlackFideId "1761498"]

1.c4 Nf6 2.Nc3 g6 3.e4 e5 4.Nf3 Nc6 5.d3 Bg7 6.Be2 O-O 7.O-O d6 8.h3 h6 9.
Be3 Ne8 10.Qd2 Kh7 11.Nd5 f5 12.Qc2 f4 13.Bd2 g5 14.Nh2 Nd4 15.Qd1 Nxe2+ 
16.Qxe2 c6 17.Nc3 Nc7 18.Rfe1 Ne6 19.Qd1 Nd4 20.Ne2 Ne6 21.Bc3 c5 22.b4 b6
23.a4 h5 24.f3 Nd4 25.Bxd4 exd4 26.Qd2 Be5 27.Rf1 Rf7 28.a5 Rb8 29.axb6 
axb6 30.Rab1 Be6 31.Rb3 Rfb7 32.Rfb1 Qe7 33.R1b2 Qf7 34.Qc1 Bc8 35.Qe1 Kh6
36.Qf2 Ra8 37.bxc5 bxc5 38.Rxb7 Bxb7 39.Qe1 Ra7 40.Qb1 Bc6 41.Kf2 Rb7 42.
Rxb7 Qxb7 43.Qxb7 Bxb7 44.Nc1 Bc8 45.Nb3 Kg6 46.Ke2 Kf6 47.Nd2 Ke7 48.Nb1 
Bd7 49.Kd2 Kd8 50.Na3 Kc7 51.Kc2 Kb6 52.Nf1 g4 53.hxg4 hxg4 54.fxg4 Bxg4 
55.Nh2 Bd7 56.Nf3 Bf6 57.Kd2 Ka5 58.Nc2 Ka4 59.Ng1 Bg5 60.Ne1 f3+ 61.Kc2 
f2 62.Ngf3 f1=Q 0-1

[Event "Skol-SM 2021, grupp C"]
[Site "Helsingborg Arena"]
[Date "2021.10.10"]
[Round "7.3"]
[White "Persson, Sebastian"]
[Black "Schriever-Abeln, Marius"]
[Result "1/2-1/2"]
[WhiteElo "1194"]
[BlackElo "1387"]
[ECO "D30"]
[TimeControl "45 minutes + 10 seconds per move from move one."]
[WhiteFideId "1764187"]
[BlackFideId "1752650"]

1.d4 d5 2.c4 e6 3.Nf3 a6 4.Nc3 dxc4 5.a4 Nc6 6.e4 Na5 7.Be3 Nf6 8.Nd2 Bb4 
9.Qc2 Nb3 10.Nxb3 cxb3 11.Qxb3 Bxc3+ 12.bxc3 Nxe4 13.Qc2 Nf6 14.Bd3 b6 15.
O-O Bb7 16.f3 O-O 17.g4 g6 18.Bg5 a5 19.Rf2 Kg7 20.Qd2 Rh8 21.Bh6+ Kg8 22.
Bg5 1/2-1/2

[Event "Skol-SM 2021, grupp C"]
[Site "Helsingborg Arena"]
[Date "2021.10.10"]
[Round "7.4"]
[White "Fridman, Arvid"]
[Black "Lindholm, Marcus"]
[Result "1-0"]
[WhiteElo "1546"]
[BlackElo "1340"]
[ECO "D13"]
[TimeControl "45 minutes + 10 seconds per move from move one."]
[WhiteFideId "1758632"]
[BlackFideId "1743473"]

1.d4 d5 2.c4 c6 3.Nc3 Nf6 4.Nf3 e6 5.cxd5 cxd5 6.a3 Nc6 7.Bf4 h6 8.e3 Bd6 
9.Bxd6 Qxd6 10.Bd3 O-O 11.O-O Bd7 12.Na4 Ne4 13.Bxe4 dxe4 14.Nd2 f5 15.Nc3
Rac8 16.Rc1 Na5 17.Qe2 Qb6 18.b4 Rxc3 19.Rxc3 Bb5 20.Qd1 Bxf1 21.Qxf1 Nc6 
22.Qc4 Re8 23.Qb3 Kf7 24.Nc4 Qd8 25.h3 b5 26.Nd2 Qd7 27.Rc5 a6 28.Rxf5+ 
Kg6 29.Rc5 Qb7 30.Qc2 1-0

[Event "Skol-SM 2021, grupp C"]
[Site "Helsingborg Arena"]
[Date "2021.10.10"]
[Round "7.5"]
[White "Persson Holm, Simon"]
[Black "Martin, Johannes"]
[Result "0-1"]
[WhiteElo "1236"]
[BlackElo "1474"]
[ECO "D02"]
[TimeControl "45 minutes + 10 seconds per move from move one."]
[WhiteFideId "1744380"]
[BlackFideId "1742698"]

1.d4 d5 2.Bf4 Bf5 3.Nf3 Nf6 4.Nbd2 c5 5.e3 cxd4 6.exd4 Nc6 7.c4 e6 8.Qa4 
Qd7 9.Be2 Bd6 10.Bg3 O-O 11.c5 Bxg3 12.fxg3 Ne4 13.Bb5 Qc7 14.Bxc6 bxc6 
15.Nxe4 Bxe4 16.O-O Rab8 17.Rf2 Rb7 18.Ne5 Rb5 19.Qa6 Qb7 20.Qxc6 Rxb2 21.
Qd6 Rxf2 22.Nd7 Rxg2+ 23.Kh1 Rxg3# 0-1

[Event "Skol-SM 2021, grupp C"]
[Site "Helsingborg Arena"]
[Date "2021.10.10"]
[Round "8.1"]
[White "Martin, Johannes"]
[Black "Trost, Edvin"]
[Result "0-1"]
[WhiteElo "1474"]
[BlackElo "1988"]
[ECO "A48"]
[TimeControl "45 minutes + 10 seconds per move from move one."]
[BlackTitle "CM"]
[WhiteFideId "1742698"]
[BlackFideId "1729519"]

1.Nf3 Nf6 2.e3 g6 3.d4 Bg7 4.Be2 O-O 5.O-O d6 6.Re1 Nbd7 7.Nbd2 e5 8.dxe5 
dxe5 9.e4 Qe7 10.c3 Rd8 11.Qc2 h6 12.b3 g5 13.h3 Nf8 14.Nf1 Ng6 15.Be3 Kh7
16.g4 Nf4 17.Bxf4 gxf4 18.N3h2 h5 19.Nd2 Rg8 20.b4 hxg4 21.hxg4 Bh6 22.f3 
Bd7 23.Kf2 Nh5 24.Rh1 Qh4+ 25.Kg1 Ng3 26.Kg2 Nxe2 27.Nhf1 Qe7 28.Nc4 Ng3 
29.Nxg3 fxg3 30.Rh5 Rg5 31.Rah1 Rxh5 32.Rxh5 Kg7 33.Nxe5 Rd8 34.Rxh6 Kxh6 
35.Qc1+ Kg7 0-1

[Event "Skol-SM 2021, grupp C"]
[Site "Helsingborg Arena"]
[Date "2021.10.10"]
[Round "8.2"]
[White "Karde, Douglas"]
[Black "Persson, Sebastian"]
[Result "0-1"]
[WhiteElo "1258"]
[BlackElo "1194"]
[ECO "B19"]
[TimeControl "45 minutes + 10 seconds per move from move one."]
[WhiteFideId "1761498"]
[BlackFideId "1764187"]

1.e4 c6 2.d4 d5 3.Nc3 dxe4 4.Nxe4 Bf5 5.Ng3 Bg6 6.h4 h6 7.Nf3 e6 8.h5 Bh7 
9.Bd3 Bxd3 10.Qxd3 Nf6 11.Bd2 Bd6 12.O-O-O Nbd7 13.Ne4 Nxe4 14.Qxe4 Nf6 
15.Qe2 Qc7 16.Kb1 O-O-O 17.g3 Rhe8 18.c4 c5 19.dxc5 Qxc5 20.b4 Qf5+ 21.Ka1
Ne4 22.c5 Be5+ 23.Nxe5 Qxe5+ 24.Kb1 Nc3+ 25.Bxc3 Qxe2 26.Rc1 Qe4+ 27.Ka1 
f6 28.b5 Rd3 29.Rh4 Rxc3 30.Rxc3 Qe1+ 31.Kb2 Qxf2+ 32.Rc2 Qxg3 33.Rhc4 
Qe5+ 34.Kb3 Rd8 35.Ka4 Rd4 36.Ka5 Rxc4 37.Rxc4 Qxh5 38.a4 Qe2 39.Rd4 Qe1+ 
40.Rb4 Qxb4+ 41.Kxb4 h5 42.a5 h4 43.b6 a6 44.c6 bxc6 45.Kc5 Kb7 0-1

[Event "Skol-SM 2021, grupp C"]
[Site "Helsingborg Arena"]
[Date "2021.10.10"]
[Round "8.4"]
[White "Schriever-Abeln, Marius"]
[Black "Lind Berteusen, Alvin"]
[Result "0-1"]
[WhiteElo "1387"]
[BlackElo "1254"]
[ECO "E32"]
[TimeControl "45 minutes + 10 seconds per move from move one."]
[WhiteFideId "1752650"]
[BlackFideId "1763318"]

1.d4 Nf6 2.c4 e6 3.Nc3 Bb4 4.Qc2 O-O 5.Nf3 d5 6.Bg5 h6 7.Bh4 Nbd7 8.e3 b6 
9.cxd5 exd5 10.Bd3 Bb7 11.O-O c5 12.a3 Bxc3 13.bxc3 Rc8 14.Bf5 g5 15.Bg3 
Ne4 16.Ne5 Nxg3 17.fxg3 Nxe5 18.Bxc8 Bxc8 19.dxe5 Qe7 20.Qd3 Qxe5 21.Rfd1 
Rd8 22.Rf1 Be6 23.a4 Kg7 24.a5 Rd7 25.axb6 axb6 26.Ra6 d4 27.exd4 cxd4 28.
c4 Rc7 29.Rc1 Bxc4 30.Rxc4 Qe1+ 31.Qf1 Qxf1+ 32.Kxf1 Rxc4 33.Rxb6 Rc1+ 34.
Ke2 Rc2+ 35.Kf3 f6 36.Rd6 Rd2 37.g4 d3 38.h3 Kf7 39.g3 Ke7 40.Rd4 Ke6 41.
Ke3 Rg2 42.Kf3 Rd2 43.Ke3 Rh2 44.Rxd3 Rxh3 45.Kf3 Rh2 46.Re3+ Kf7 47.Ra3 
Kg6 48.Ra6 Rb2 49.Rc6 Rh2 50.Ra6 h5 51.gxh5+ Rxh5 52.g4 Rh3+ 53.Kg2 Rd3 
54.Rb6 Kf7 55.Ra6 Ke7 56.Rb6 Rd6 57.Rb3 Ke6 58.Rf3 Ke5 59.Kg3 Ke4 60.Kg2 
Rd2+ 61.Kg3 Rd3 62.Rxd3 Kxd3 63.Kf3 Kd4 64.Kf2 Ke4 65.Kg3 Ke3 66.Kg2 Kf4 
67.Kh3 Kf3 68.Kh2 Kxg4 69.Kg2 f5 70.Kf2 f4 71.Kg2 f3+ 72.Kf2 Kf4 73.Kf1 g4
74.Kg1 Ke3 75.Kf1 g3 76.Kg1 f2+ 77.Kf1 g2+ 78.Kxg2 Ke2 0-1

[Event "Skol-SM 2021, grupp C"]
[Site "Helsingborg Arena"]
[Date "2021.10.10"]
[Round "8.5"]
[White "Zeidlitz, Ange"]
[Black "Morell, Ludvig"]
[Result "0-1"]
[WhiteElo "1243"]
[BlackElo "1695"]
[ECO "B23"]
[TimeControl "45 minutes + 10 seconds per move from move one."]
[WhiteFideId "1744615"]
[BlackFideId "1736779"]

1.e4 c5 2.Nc3 Nc6 3.Bc4 e6 4.d3 g6 5.Nf3 Bg7 6.O-O Nge7 7.Bb3 O-O 8.Be3 d6
9.Qd2 Nd4 10.Ng5 Nec6 11.Ne2 Nxe2+ 12.Qxe2 Bxb2 13.Rab1 Bf6 14.Qg4 Nd4 15.
Qh4 Bxg5 16.Bxg5 f6 17.Bd2 Nxb3 18.axb3 e5 19.f4 Bd7 20.f5 g5 21.Qg4 Be8 
22.Qf3 Rf7 23.g4 b5 24.Ra1 a5 25.Rfb1 b4 26.h4 h6 27.hxg5 hxg5 28.Kf2 Rh7 
29.Rh1 Raa7 30.c3 Rxh1 31.Rxh1 Rh7 32.Rxh7 Kxh7 33.cxb4 axb4 34.Qh3+ Kg7 
35.Qh1 Qa5 36.Qb1 Qa3 37.Bc1 Qa6 38.Qc2 Bf7 39.Ke2 Qa1 40.Qb2 Qxb2+ 41.
Bxb2 Bxb3 42.Kd2 Kf7 43.Kc1 Ke8 44.Kd2 Kd7 45.Kc1 Kc6 46.Kd2 Kb5 47.Kc1 
Ka4 48.Kd2 Bf7 49.Kc2 Be8 50.Bc1 Bb5 51.Bb2 c4 52.d4 c3 53.Bc1 exd4 54.
Bxg5 fxg5 55.Kc1 d3 56.Kd1 b3 57.f6 Be8 58.e5 dxe5 59.f7 Bxf7 60.Kc1 d2+ 
61.Kd1 b2 62.Kc2 Bg6+ 63.Kd1 b1=Q+ 0-1

[Event "Skol-SM 2021, grupp C"]
[Site "Helsingborg Arena"]
[Date "2021.10.10"]
[Round "8.6"]
[White "Lindholm, Marcus"]
[Black "Persson Holm, Simon"]
[Result "1/2-1/2"]
[WhiteElo "1340"]
[BlackElo "1236"]
[ECO "D02"]
[TimeControl "45 minutes + 10 seconds per move from move one."]
[WhiteFideId "1743473"]
[BlackFideId "1744380"]

1.d4 d5 2.Nf3 Nc6 3.e3 Bf5 4.Bd3 Bg6 5.b3 Nf6 6.Bb2 e6 7.Nbd2 Nb4 8.Bxg6 
hxg6 9.Ne5 Bd6 10.a3 Na6 11.Qe2 Bxe5 12.dxe5 Nd7 13.Qb5 Rb8 14.Nf3 c6 15.
Qe2 f6 16.Nd4 Kf7 17.Nxc6 bxc6 18.Qxa6 Qb6 19.Qxb6 Rxb6 20.exf6 gxf6 21.
O-O Rh5 22.Rad1 Ne5 23.h3 c5 24.Bxe5 Rxe5 25.Rb1 Re4 26.Rfe1 Rh4 27.Kh2 f5
28.g3 Rh8 29.c4 Rhb8 30.cxd5 exd5 31.Rec1 c4 32.b4 a5 33.Kg2 axb4 34.axb4 
Rxb4 35.Rxb4 Rxb4 36.Kf3 Kf6 37.g4 Rb2 38.Rd1 Ke5 39.gxf5 gxf5 40.h4 Rb8 
41.Ke2 Rh8 42.f4+ Kd6 43.Rh1 Rh5 44.Kd2 1/2-1/2

[Event "Skol-SM 2021, grupp D"]
[Site "Helsingborg Arena"]
[Date "2021.10.08"]
[Round "2.4"]
[White "Arvidsson, Gustav"]
[Black "Jagare, Hanna"]
[Result "0-1"]
[WhiteElo "1201"]
[BlackElo "1337"]
[ECO "B20"]
[TimeControl "45 minutes + 10 seconds per move from move one."]
[WhiteFideId "1756281"]
[BlackFideId "1758756"]

1.e4 c5 2.Bc4 Nc6 3.Nc3 e6 4.Nf3 g6 5.d4 cxd4 6.Nxd4 Bg7 7.Nxc6 bxc6 8.Bf4
d5 9.exd5 cxd5 10.Bb5+ Bd7 11.Bxd7+ Qxd7 12.O-O Ne7 13.Re1 O-O 14.h3 Nc6 
15.Qd3 Nb4 16.Qe2 Rac8 17.Qd2 Qc6 18.Re3 d4 19.Re4 dxc3 20.Qe3 Nxc2 21.
Qxa7 cxb2 22.Rb1 Qxe4 23.Bd6 Nb4 24.Qb7 Qxb7 25.Bxf8 Rc1+ 26.Kh2 Be5+ 27.
f4 Bxf4+ 0-1

[Event "Skol-SM 2021, grupp D"]
[Site "Helsingborg Arena"]
[Date "2021.10.09"]
[Round "3.1"]
[White "Religa, Marek"]
[Black "Wang, Dawen"]
[Result "1-0"]
[WhiteElo "1626"]
[BlackElo "1306"]
[ECO "B10"]
[TimeControl "45 minutes + 10 seconds per move from move one."]
[WhiteFideId "1750208"]
[BlackFideId "1756320"]

1.e4 c6 2.c4 d5 3.exd5 cxd5 4.cxd5 Qxd5 5.Nc3 Qd8 6.Bc4 Nf6 7.Nf3 Bg4 8.
Qb3 e6 9.Qxb7 Nbd7 10.Nb5 Rc8 11.Nxa7 Rxc4 12.Nc6 Bxf3 13.gxf3 Rxc6 14.
Qxc6 Be7 15.O-O O-O 16.d4 Qb8 17.Qc2 Rc8 18.Qe2 Qb4 19.Be3 Nd5 20.Rac1 Ra8
21.a3 Qb3 22.Rfd1 Bd6 23.Qc4 Nxe3 24.Qxb3 Nxd1 25.Qb7 Rd8 26.Rxd1 1-0

[Event "Skol-SM 2021, grupp D"]
[Site "Helsingborg Arena"]
[Date "2021.10.09"]
[Round "3.2"]
[White "Lofgren, Vide"]
[Black "Zachiu, Julian"]
[Result "1/2-1/2"]
[WhiteElo "1497"]
[BlackElo "1237"]
[ECO "C78"]
[TimeControl "45 minutes + 10 seconds per move from move one."]
[WhiteFideId "1743384"]
[BlackFideId "1763849"]

1.e4 e5 2.Nf3 Nc6 3.Bb5 a6 4.Ba4 b5 5.Bb3 Nf6 6.O-O Bc5 7.d3 O-O 8.Bg5 h6 
9.Bh4 Be7 10.Nc3 d6 11.Bxf6 Bxf6 12.h3 Rb8 13.Ne2 Bb7 14.a4 b4 15.Ng3 Ne7 
16.Qe2 Re8 17.Rfd1 d5 18.Rab1 a5 19.Rd2 d4 20.Rdd1 Bc8 21.Nd2 Ng6 22.Nc4 
Nf4 23.Qf3 c6 24.Ne2 Bg5 25.h4 Nxe2+ 26.Qxe2 Bxh4 27.Qf3 Be6 28.g3 Bxc4 
29.Bxc4 Bf6 30.Kg2 Qd7 31.Rh1 Bg5 32.Rbf1 Rf8 33.Qe2 Kh8 34.Qh5 Bd8 35.f4 
exf4 36.Rxf4 Bc7 37.Rxf7 Rxf7 38.Bxf7 Rf8 39.Rf1 Qd6 40.Qg4 Qe7 41.Qg6 Qd6
42.Qg4 Qe7 43.Bc4 Rxf1 44.Kxf1 Qf6+ 45.Kg2 Qd8 46.Qe6 Qf8 47.Qxc6 Bd8 48.
Qd5 Bb6 49.Qb5 Bd8 50.Qd5 Bb6 51.Bb3 Qd8 52.Qe6 Bc7 53.Bd5 Qb8 54.Qg4 Qf8 
55.Qe6 Qb8 56.Qg6 Qf8 57.Qg4 Qb8 58.Qf3 Qe8 59.Bf7 Qxa4 60.Qf2 Qd7 61.Bd5 
Qe8 62.Qxd4 Qe5 63.Qxe5 Bxe5 64.b3 g5 65.Kf3 Kg7 66.g4 Kf6 67.Bc6 Ke7 68.
Ke3 Kd6 69.Be8 Kc5 70.Bf7 Bf4+ 71.Kf3 Be5 72.Bd5 Kd4 73.Ke2 Kc3 74.Kd1 h5 
75.gxh5 g4 76.Be6 g3 77.Bh3 Bg7 78.Bg2 Be5 79.h6 Bf6 80.Bh3 Be5 81.Bf1 Bd4
82.h7 Be5 83.Bg2 Bd4 84.Bf3 Be5 85.Bh1 Bd4 86.Bg2 Be5 87.Bf3 Bd4 88.Bg2 
Be5 89.Bf3 Bd4 90.Bh1 Be5 91.Bg2 1/2-1/2

[Event "Skol-SM 2021, grupp D"]
[Site "Helsingborg Arena"]
[Date "2021.10.09"]
[Round "3.5"]
[White "Gerdes, Sebastian"]
[Black "Arvidsson, Gustav"]
[Result "1-0"]
[WhiteElo "1507"]
[BlackElo "1201"]
[ECO "D38"]
[TimeControl "45 minutes + 10 seconds per move from move one."]
[WhiteFideId "1745697"]
[BlackFideId "1756281"]

1.c4 d5 2.d4 Nf6 3.Nc3 e6 4.Nf3 Bb4 5.Bg5 h6 6.Bh4 Nc6 7.e3 Bd7 8.cxd5 
Bxc3+ 9.bxc3 exd5 10.Bd3 Bg4 11.Rb1 Rb8 12.h3 Be6 13.O-O Qe7 14.Ne5 Qd6 
15.Nxc6 Qxc6 16.Bb5 1-0